 Dungeon Crawl Stone Soup version 0.32-a0-461-g5d8ddb3 (webtiles) character file.

Game seed: 5643154252039139459

366 jagoly the Shooter (level 6, -3/43 HPs)
             Began as a Mummy Hexslinger on Feb 24, 2024.
             Slain by a gnoll
             ... wielding a +0 flail
              (7 damage)
             ... on level 3 of the Dungeon.
             The game lasted 00:07:22 (1759 turns).

jagoly the Shooter (Mummy Hexslinger)               Turns: 1759, Time: 00:07:23

Health: -3/43      AC:  3    Str: 11    XL:     6   Next: 40%
Magic:  8/9        EV: 17    Int: 13    God:
Gold:   134        SH:  0    Dex: 16    Spells: 2/9 levels left

rFire   x . .        a - +1 sling
rCold   + . .        (no shield)
rNeg    + + +        c - +0 robe
rPois   ∞            k - +0 helmet
rElec   .            (no cloak)
rCorr   .            (no gloves)
SInv    .            (no boots)
Will    .....        o - amulet of the acrobat
Stlth   +            e - +5 ring of evasion
HPRegen 0.27/turn    l - ring of wizardry
MPRegen 0.11/turn

%: acrobat, faith, wizardry (x1)
@: weak-willed
A: cold resistance 1, negative energy resistance 3, torment resistance 2, heat
vulnerability 1, in touch with death 1, no potions, faith
a: no special abilities


You were on level 3 of the Dungeon.
You visited 1 branch of the dungeon, and saw 3 of its levels.

You collected 134 gold pieces.

Inventory:

Hand Weapons
 a - a +1 sling (weapon)
 g - a +2 dagger of venom
Missiles
 h - 10 poisoned darts
Armour
 c - a +0 robe (worn)
 k - a +0 helmet (worn)
Jewellery
 e - a +5 ring of evasion (left hand)
 l - a ring of wizardry (right hand)
 o - an amulet of the acrobat (around neck)
Scrolls
 b - a scroll of poison
 d - a scroll of enchant armour {unknown}
 f - 6 scrolls of teleportation {unknown}
 i - a scroll of revelation {unknown}
 j - 2 scrolls of fog {unknown}
 m - a scroll of butterflies {unknown}
 n - a scroll of identify {unknown}


   Skills:
 - Level 1.0 Fighting
 * Level 5.5 Ranged Weapons
 - Level 1.5 Dodging
 - Level 2.0 Spellcasting
 - Level 3.0 Hexes
 - Level 0.7 Fire Magic


You had 2 spell levels left.
You knew the following spells:

 Your Spells              Type           Power      Damage    Failure   Level
a - Jinxbite              Hex            18%        N/A       4%          2
b - Sigil of Binding      Hex            9%         N/A       9%          3
B - Blink                 Tloc           2%         N/A       16%         2

Your spell library contained the following spells:

 Spells                   Type           Power      Damage    Failure   Level
 Lesser Beckoning         Tloc           2%         N/A       16%         2
 Inner Flame              Hex/Fire       6%         N/A       14%         3
 Cause Fear               Hex            4%         N/A       28%         4
 Dimensional Bullseye     Hex/Tloc       2%         N/A       45%         4


Dungeon Overview and Level Annotations

Branches:
Dungeon (3/15) Zot: 16193

Altars:
Vehumet

Shops:
D:1 :


Innate Abilities, Weirdness & Mutations

You are immune to poison.
Your flesh is cold resistant. (rC+)
You are immune to negative energy. (rN+++)
You are immune to unholy pain and torment.
You are vulnerable to heat. (rF-)
You are in touch with the powers of death.
You do not drink.
You have a special connection with the divine. (Faith)


Message History

Press: ? - help, Q - select action, (/) - cycle Shift-Dir - straight line, f/p - Grinder
Aim: Grinder (heavily wounded, 55% to hit)
You shoot a sling bullet. The sling bullet hits Grinder.
Grinder is severely wounded.
Grinder misses you.
Fire: a) +1 sling
Press: ? - help, Q - select action, (/) - cycle Shift-Dir - straight line, f/p - Grinder
Aim: Grinder (severely wounded, 55% to hit)
You shoot a sling bullet.
The sling bullet closely misses Grinder.
Grinder hits you!
* * * LOW HITPOINT WARNING * * *
Fire: a) +1 sling
Press: ? - help, Q - select action, (/) - cycle Shift-Dir - straight line, f/p - Grinder
Aim: Grinder (severely wounded, 55% to hit)
You shoot a sling bullet.
The sling bullet closely misses Grinder.
Grinder gestures at you. You resist with significant effort.
Fire: a) +1 sling
Press: ? - help, Q - select action, (/) - cycle Shift-Dir - straight line, f/p - Grinder
Aim: Grinder (severely wounded, 55% to hit)
You shoot a sling bullet.
The sling bullet hits Grinder but does no damage.
Grinder is severely wounded.
Grinder blinks!
Fire: a) +1 sling
Press: ? - help, Q - select action, (/) - cycle Shift-Dir - straight line, f/p - Grinder
Aim: Grinder (severely wounded, 55% to hit)
You shoot a sling bullet. The sling bullet hits Grinder.
Grinder is severely wounded.
Grinder blinks!
Fire: a) +1 sling
Press: ? - help, Q - select action, (/) - cycle Shift-Dir - straight line, f/p - Grinder
Aim: Grinder (severely wounded, 55% to hit)
You shoot a sling bullet. The sling bullet hits Grinder.
Grinder is almost dead.
Fire: a) +1 sling
Press: ? - help, Q - select action, (/) - cycle Shift-Dir - straight line, f/p - Grinder
Aim: Grinder (almost dead, 55% to hit)
You shoot a sling bullet. The sling bullet hits Grinder.
Grinder is almost dead.
Grinder hits you but does no damage.
Fire: a) +1 sling
Press: ? - help, Q - select action, (/) - cycle Shift-Dir - straight line, f/p - Grinder
Aim: Grinder (almost dead, 55% to hit)
You shoot a sling bullet. The sling bullet hits Grinder.
You kill Grinder!
An orc comes into view.
It is wielding a +0 short sword and quivering poisoned darts.
Your Ranged Weapons skill gained 2 levels and is now at level 5!
You have reached level 5!
You feel clever.
You shoot a sling bullet. The sling bullet barely misses the orc.
You feel your willpower return.
Things that are here:
a +0 dagger; 5 stones; a kobold corpse You see here a +0 club.
The orc throws a poisoned dart.
The poisoned dart completely misses you.
You shoot a sling bullet. The sling bullet hits the orc!
You kill the orc!
No target in view!
Magic restored.
An orc comes into view. It is wielding a +0 war axe.
You shoot a sling bullet. The sling bullet barely misses the orc.
The orc shouts!
You shoot a sling bullet. The sling bullet barely misses the orc.
You shoot a sling bullet.
The sling bullet closely misses the orc.
You shoot a sling bullet.
The sling bullet closely misses the orc.
You shoot a sling bullet. The sling bullet hits the orc.
The orc is almost dead.
You shoot a sling bullet.
The sling bullet closely misses the orc.
The orc barely misses you.
You shoot a sling bullet. The sling bullet hits the orc!
You kill the orc!
You have reached level 6!
Search for what [? for help]? throw
Things that are here:
a +0 dagger; 5 stones; a kobold corpse
h - 10 poisoned darts (gained 4)
Things that are here:
a +0 short sword; an orc corpse
Found a smoky red potion.
Found a stone staircase leading down.
Found a stone staircase leading up.
An orc priest comes into view. It is wielding a +0 whip.
You shoot a sling bullet.
The sling bullet barely misses the orc priest.
The orc priest shouts!
You shoot a sling bullet.
The sling bullet barely misses the orc priest.
You shoot a sling bullet.
The sling bullet hits the orc priest but does no damage.
You shoot a sling bullet.
The sling bullet closely misses the orc priest.
You shoot a sling bullet.
The sling bullet closely misses the orc priest.
Cast which spell? (? or * to list)
You beckon some vexing sprites to accompany your attacks.
You feel your willpower being sapped. The orc priest barely misses you.
You shoot a sling bullet.
The sling bullet hits the orc priest but does no damage.
The orc priest hits you with a +0 whip.
You shoot a sling bullet.
The sling bullet barely misses the orc priest.
A giggling sprite leaps out and smacks the orc priest with its own hand.
The orc priest is lightly wounded.
The orc priest mumbles some strange prayers to Beogh against you.
Beogh smites you!
You shoot a sling bullet.
The sling bullet closely misses the orc priest.
The orc priest completely misses you. The orc priest hits you with a +0 whip.
You shoot a sling bullet. The sling bullet hits the orc priest.
The orc priest is heavily wounded.
A giggling sprite leaps out and bonks the orc priest with its +0 whip.
The orc priest is severely wounded.
The orc priest closely misses you.
You shoot a sling bullet.
The sling bullet barely misses the orc priest.
A giggling sprite leaps out and smacks the orc priest with its own hand.
The orc priest is almost dead.
The jinxing sprites lose interest in you.
The orc priest looks satisfied for a moment.
You shoot a sling bullet. The sling bullet hits the orc priest!
You kill the orc priest!
Magic restored.
You feel your willpower return.
HP restored.
You now have 124 gold pieces (gained 13).
Things that are here:
a +0 whip; a +0 scale mail; an orc corpse A frilled lizard comes into view.
The frilled lizard moves out of view.
You shoot a sling bullet. The frilled lizard hisses angrily.
The sling bullet hits the frilled lizard.
You kill the frilled lizard!
An endoplasm comes into view.
You shoot a sling bullet. The endoplasm quivers.
The sling bullet hits the endoplasm but does no damage.
You shoot a sling bullet. The sling bullet hits the endoplasm.
The endoplasm is severely wounded.
You shoot a sling bullet. The sling bullet hits the endoplasm.
You kill the endoplasm!
No target in view!
A giant cockroach comes into view.
You shoot a sling bullet.
The sling bullet hits the giant cockroach!
You kill the giant cockroach!
No target in view!
No target in view!
Found a sling.
You pick up Ahoergh's Precepts of the Excursion and begin reading...
It was Ahoergh's Precepts of the Excursion.
You add the spells Blink and Lesser Beckoning to your library.
You start memorising the spell.
You continue memorising. x2
You finish memorising.
Spell assigned to 'c'.
Adjust (i)tems, (s)pells, or (a)bilities?
Adjust which spell? c - Blink Adjust to which letter?
B - Blink A ribbon worm comes into view.
You shoot a sling bullet.
The sling bullet completely misses the ribbon worm.
You shoot a sling bullet. The sling bullet hits the ribbon worm.
The ribbon worm is lightly wounded.
The ribbon worm expels a string of sticky webbing.
The stream of webbing hits you but does no damage.
You are caught in a web!
The web tears apart.
You shoot a sling bullet. The sling bullet hits the ribbon worm!
The ribbon worm is heavily wounded.
You shoot a sling bullet. The sling bullet hits the ribbon worm.
The ribbon worm is severely wounded.
You shoot a sling bullet. The sling bullet hits the ribbon worm.
You kill the ribbon worm!
You see here a +0 sling.
You see here a ribbon worm corpse.
f - 6 scrolls labelled XIOJIR KUINIOH (gained 1)
A goblin comes into view. It is wielding a +0 club.
You shoot a sling bullet. The sling bullet hits the goblin!
You kill the goblin!
No target in view!
No target in view!
A goblin comes into view. It is wielding a +0 dagger.
You see here 7 gold pieces.
You shoot a sling bullet. The sling bullet hits the goblin!
You kill the goblin!
No target in view!
No target in view!
You now have 131 gold pieces (gained 7).
Robin and a hobgoblin come into view.
The hobgoblin shouts!
You hear a shout!
A hobgoblin comes into view.
A goblin comes into view. It is wielding a +0 dagger.
Robin shouts!
You hear a shout!
You hear a shout!
A goblin comes into view. It is wielding a +0 club.
You shoot a sling bullet. The sling bullet hits the hobgoblin.
The hobgoblin is severely wounded.
You shoot a sling bullet.
The sling bullet closely misses the hobgoblin.
Fire: a) +1 sling
Press: ? - help, Q - select action, (/) - cycle Shift-Dir - straight line, f - Robin, p - hobgoblin
Aim: Robin, wielding a +0 club, wearing a +0 animal skin and wearing a +0 helmet (68% to hit)
You shoot a sling bullet. The sling bullet hits the hobgoblin.
You kill the hobgoblin!
Cast which spell? (? or * to list)
You beckon some vexing sprites to accompany your attacks.
You feel your willpower being sapped.
You shoot a sling bullet. The sling bullet hits Robin.
Robin is moderately wounded.
You shoot a sling bullet. The sling bullet hits Robin.
Robin is heavily wounded.
A giggling sprite leaps out and smacks Robin with their own hand.
Robin is severely wounded.
Fire: a) +1 sling
Press: ? - help, Q - select action, (/) - cycle Shift-Dir - straight line, f - goblin, p - Robin
Aim: a goblin, wielding a +0 dagger (wandering, hasn't noticed you, chance to call a sprite on attack: 61%, 53% to hit)
You shoot a sling bullet. The goblin shouts!
The sling bullet hits Robin.
Robin is severely wounded.
A giggling sprite leaps out and bonks Robin with their +0 club.
Robin is almost dead.
The jinxing sprites lose interest in you.
Robin barely misses you.
Fire: a) +1 sling
Press: ? - help, Q - select action, (/) - cycle Shift-Dir - straight line, f - hobgoblin, p - goblin
Aim: a hobgoblin (wandering, hasn't noticed you, 60% to hit)
You shoot a sling bullet. The sling bullet hits Robin.
You kill Robin!
A goblin comes into view. It is wielding a +0 club.
You shoot a sling bullet. The goblin shouts!
The sling bullet hits the goblin.
The goblin is severely wounded.
Fire: a) +1 sling
Press: ? - help, Q - select action, (/) - cycle Shift-Dir - straight line, f - goblin, p - goblin
Aim: a goblin, wielding a +0 club (53% to hit)
You shoot a sling bullet.
The sling bullet barely misses the goblin.
The sling bullet barely misses the hobgoblin.
The sling bullet closely misses the goblin.
A goblin comes into view. It is wielding a +0 dagger.
You shoot a sling bullet.
The sling bullet barely misses the goblin.
The sling bullet closely misses the hobgoblin.
The sling bullet hits the goblin.
The goblin is severely wounded.
You shoot a sling bullet. The sling bullet hits the goblin.
You kill the goblin!
You shoot a sling bullet.
The sling bullet hits the hobgoblin but does no damage.
A goblin comes into view. It is wielding a +0 dagger.
The hobgoblin closely misses you.
The goblin moves out of view.
You shoot a sling bullet.
The sling bullet hits the hobgoblin but does no damage.
The hobgoblin barely misses you.
You shoot a sling bullet.
The sling bullet barely misses the hobgoblin.
The sling bullet closely misses the goblin.
The sling bullet hits the goblin.
You kill the goblin!
The hobgoblin closely misses you.
You shoot a sling bullet.
The sling bullet hits the hobgoblin but does no damage.
The hobgoblin closely misses you.
You shoot a sling bullet.
The sling bullet closely misses the hobgoblin.
The sling bullet hits the goblin.
You kill the goblin!
The hobgoblin misses you.
You shoot a sling bullet. The sling bullet hits the hobgoblin!
You kill the hobgoblin!
No target in view!
An orc comes into view. It is wielding a +0 falchion.
You feel your willpower return.
The orc shouts!
You shoot a sling bullet. The sling bullet hits the orc!
You kill the orc!
No target in view!
An endoplasm comes into view.
You shoot a sling bullet. The endoplasm quivers.
The sling bullet hits the endoplasm.
You kill the endoplasm!
No target in view!
You now have 134 gold pieces (gained 3).
A ball python comes into view.
You shoot a sling bullet. The sling bullet hits the ball python!
You kill the ball python!
No target in view!
Found a short sword.
Found a stone staircase leading down.
You shoot a sling bullet. The sling bullet hits the goblin.
You kill the goblin!
No target in view!
No target in view!
Items here: )) [[ ††.
You see here a +0 club.
Things that are here:
a +0 dagger; a goblin corpse You shoot a sling bullet.
The goblin shouts!
The sling bullet hits the goblin.
You kill the goblin!
A hobgoblin comes into view.
A goblin comes into view. It is wielding a +0 club.
You shoot a sling bullet.
The sling bullet barely misses the goblin.
The hobgoblin shouts!
The goblin shouts!
The sling bullet hits the hobgoblin.
You kill the hobgoblin!
You shoot a sling bullet. The sling bullet hits the goblin!
You kill the goblin!
No target in view!
No target in view!
You see here a +0 club.
Things that are here:
a +0 club; a +0 club
Things that are here:
a +0 club; a +0 club You see here a +0 club.
Things that are here:
a +0 dagger; a goblin corpse You see here a +0 club.
Items here: )) [[ ††.
Key pressed, stopping explore.
Unknown command.
Search for what [Enter for "throw", or ? for help]? aux Unknown command.
A ribbon worm and a giant cockroach come into view.
You shoot a sling bullet.
The sling bullet hits the giant cockroach.
You kill the giant cockroach!
You shoot a sling bullet. The sling bullet hits the ribbon worm.
The ribbon worm is moderately wounded.
You shoot a sling bullet. The sling bullet hits the ribbon worm.
The ribbon worm is heavily wounded.
You shoot a sling bullet. The sling bullet hits the ribbon worm.
The ribbon worm is heavily wounded.
The ribbon worm expels a string of sticky webbing.
The stream of webbing misses you.
You shoot a sling bullet. The sling bullet hits the ribbon worm.
The ribbon worm is almost dead.
You shoot a sling bullet.
The sling bullet barely misses the ribbon worm.
You shoot a sling bullet. The sling bullet hits the ribbon worm.
You kill the ribbon worm!
No target in view!
A gnoll comes into view. It is wielding a +0 flail.
You shoot a sling bullet. The sling bullet hits the gnoll.
The gnoll shouts!
The gnoll is heavily wounded.
Cast which spell? (? or * to list)
You beckon some vexing sprites to accompany your attacks.
You feel your willpower being sapped.
You shoot a sling bullet. The sling bullet hits the gnoll.
The gnoll is almost dead.
A giggling sprite leaps out and bonks the gnoll with its +0 flail.
You kill the gnoll!
A gnoll comes into view. It is wielding a +0 flail.
You shoot a sling bullet.
The sling bullet barely misses the gnoll.
The gnoll shouts!
You shoot a sling bullet. The sling bullet hits the gnoll!
The gnoll is severely wounded.
A giggling sprite leaps out and doodles on the gnoll's face.
You kill the gnoll!
You hear a shout!
A gnoll comes into view. It is wielding a +0 whip.
You hear a shout!
You shoot a sling bullet. The sling bullet hits the gnoll.
The gnoll is heavily wounded.
A giggling sprite leaps out and bonks the gnoll with its +0 whip.
The gnoll is severely wounded.
The jinxing sprites lose interest in you.
A gnoll comes into view. It is wielding a +0 flail.
You shoot a sling bullet.
The sling bullet barely misses the gnoll.
You shoot a sling bullet.
The sling bullet hits the gnoll but does no damage.
The gnoll is severely wounded.
You shoot a sling bullet. The sling bullet hits the gnoll.
The gnoll is almost dead.
The gnoll seems less drained.
You shoot a sling bullet.
The sling bullet barely misses the gnoll.
The gnoll attacks as it pursues you! The gnoll completely misses you.
The gnoll attacks as it pursues you! The gnoll completely misses you.
The gnoll attacks as it pursues you! The gnoll completely misses you.
Cast which spell? (? or * to list)
You beckon some vexing sprites to accompany your attacks.
You feel your willpower being sapped. The gnoll completely misses you.
You shoot a sling bullet.
The sling bullet completely misses the gnoll.
The sling bullet closely misses the gnoll.
The gnoll hits you with a +0 whip.
You shoot a sling bullet. The sling bullet hits the gnoll.
You kill the gnoll!
You shoot a sling bullet.
The sling bullet barely misses the gnoll.
The gnoll hits you with a +0 flail!
You shoot a sling bullet.
The sling bullet hits the gnoll but does no damage.
The gnoll hits you with a +0 flail!
* * * LOW HITPOINT WARNING * * *
Fire: a) +1 sling
Press: ? - help, Q - select action, (/) - cycle Shift-Dir - straight line, f/p - gnoll
Aim: a gnoll, wielding a +0 flail (chance to call a sprite on attack: 51%, 64% to hit)
You shoot a sling bullet.
The sling bullet closely misses the gnoll.
The gnoll completely misses you.
Fire: a) +1 sling
Press: ? - help, Q - select action, (/) - cycle Shift-Dir - straight line, f/p - gnoll
Aim: a gnoll, wielding a +0 flail (chance to call a sprite on attack: 51%, 64% to hit)
You shoot a sling bullet.
The sling bullet closely misses the gnoll.
The gnoll misses you.
Fire: a) +1 sling
Press: ? - help, Q - select action, (/) - cycle Shift-Dir - straight line, f/p - gnoll
Aim: a gnoll, wielding a +0 flail (chance to call a sprite on attack: 51%, 64% to hit)
You shoot a sling bullet.
The sling bullet barely misses the gnoll.
A giggling sprite leaps out and doodles on the gnoll's face.
The gnoll is moderately wounded.
The gnoll barely misses you. The gnoll misses you.
Fire: a) +1 sling
Press: ? - help, Q - select action, (/) - cycle Shift-Dir - straight line, f/p - gnoll
Aim: a gnoll, wielding a +0 flail (moderately wounded, heavily drained, chance to call a sprite on attack: 56%, 64% to hit)
You shoot a sling bullet.
The sling bullet closely misses the gnoll.
A giggling sprite leaps out and smacks the gnoll with its own hand.
The gnoll is moderately wounded.
The jinxing sprites lose interest in you.
The gnoll barely misses you.
Fire: a) +1 sling
Press: ? - help, Q - select action, (/) - cycle Shift-Dir - straight line, f/p - gnoll
Aim: a gnoll, wielding a +0 flail (moderately wounded, heavily drained, 64% to hit)
You shoot a sling bullet.
The sling bullet barely misses the gnoll.
The gnoll hits you with a +0 flail.
* * * LOW HITPOINT WARNING * * *
Fire: a) +1 sling
Press: ? - help, Q - select action, (/) - cycle Shift-Dir - straight line, f/p - gnoll
Aim: a gnoll, wielding a +0 flail (moderately wounded, heavily drained, 64% to hit)
You shoot a sling bullet. The sling bullet hits the gnoll.
The gnoll is severely wounded.
The gnoll hits you with a +0 flail!
* * * LOW HITPOINT WARNING * * *
You aren't carrying any items that you can evoke.
Unknown command.
Fire: a) +1 sling
Press: ? - help, Q - select action, (/) - cycle Shift-Dir - straight line, f/p - gnoll
Aim: a gnoll, wielding a +0 flail (severely wounded, heavily drained, 64% to hit)
You shoot a sling bullet.
The sling bullet barely misses the gnoll.
The gnoll misses you.
Unknown command.
Unknown command.
Fire: a) +1 sling
Press: ? - help, Q - select action, (/) - cycle Shift-Dir - straight line, f/p - gnoll
Aim: a gnoll, wielding a +0 flail (severely wounded, heavily drained, 64% to hit)
You shoot a sling bullet.
The sling bullet hits the gnoll but does no damage.
The gnoll is severely wounded.
The gnoll hits you but does no damage.
Unknown command.
Unknown command.
Fire: a) +1 sling
Press: ? - help, Q - select action, (/) - cycle Shift-Dir - straight line, f/p - gnoll
Aim: a gnoll, wielding a +0 flail (severely wounded, heavily drained, 64% to hit)
You shoot a sling bullet.
The sling bullet hits the gnoll but does no damage.
The gnoll is severely wounded.
The gnoll closely misses you.
Unknown command.
Unknown command.
Fire: a) +1 sling
Press: ? - help, Q - select action, (/) - cycle Shift-Dir - straight line, f/p - gnoll
Aim: a gnoll, wielding a +0 flail (severely wounded, heavily drained, 64% to hit)
You shoot a sling bullet. The sling bullet hits the gnoll.
The gnoll is almost dead.
The gnoll seems less drained.
The gnoll hits you with a +0 flail.
* * * LOW HITPOINT WARNING * * *
Unknown command.
Unknown command.
Unknown command.
Fire: a) +1 sling
Press: ? - help, Q - select action, (/) - cycle Shift-Dir - straight line, f/p - gnoll
Aim: a gnoll, wielding a +0 flail (almost dead, 64% to hit)
You shoot a sling bullet.
The sling bullet hits the gnoll but does no damage.
The gnoll is almost dead.
The gnoll hits you with a +0 flail!
You die...

.####..#####....######.###..#....
.....#.....................##..##
####..#######.###........#.....##
##.#######........###.###.....
#......##..###.#####.###..###
######.....###..#....##...###
#########.............#####.#.##.
..........##...#####..####..#..#.
...............g@......##........
.............########.....#......
...........### #...###......
...†.......# ###.)).......
..†...†....# ####.......
....)......# #.......
....>)....## ##...).. ...)......#
########..)... ...########
..............


You could see a gnoll.

Vanquished Creatures
  Grinder (D:3)
  An orc priest (D:3)
  Robin (D:3)
  3 gnolls (D:3)
  2 adders (D:2)
  2 dart slugs (D:1)
  2 ribbon worms (D:3)
  6 orcs
  6 ball pythons
  7 endoplasms
  4 giant cockroaches
  13 goblins
  6 hobgoblins
  2 quokkas (D:1)
  4 bats
  3 frilled lizards
  4 kobolds
  3 rats
70 creatures vanquished.

Notes
Turn   | Place    | Note
-------+----------+-------------------------------------------
     0 | D:1      | jagoly the Mummy Hexslinger began the quest for the Orb.
     0 | D:1      | Reached XP level 1. HP: 15/15 MP: 2/2
   121 | D:1      | Reached skill level 2 in Ranged Weapons
   171 | D:1      | Reached XP level 2. HP: 21/21 MP: 4/4
   191 | D:1      | Found Nocvism's Book Emporium.
   203 | D:1      | Learned a level 2 spell: Jinxbite
   801 | D:2      | Reached XP level 3. HP: 26/26 MP: 2/5
   851 | D:2      | Reached skill level 3 in Ranged Weapons
   895 | D:2      | Found a radiant altar of Vehumet.
   938 | D:2      | Learned a level 3 spell: Sigil of Binding
  1265 | D:3      | Noticed Grinder
  1266 | D:3      | Reached XP level 4. HP: 32/32 MP: 7/7
  1272 | D:3      | Paralysed by Grinder for 2 turns
  1285 | D:3      | Killed Grinder
  1286 | D:3      | Reached skill level 5 in Ranged Weapons
  1286 | D:3      | Reached XP level 5. HP: 20/37 MP: 4/8
  1330 | D:3      | Reached XP level 6. HP: 37/43 MP: 9/9
  1508 | D:3      | Got Ahoergh's Precepts of the Excursion
  1512 | D:3      | Learned a level 2 spell: Blink
  1544 | D:3      | Noticed Robin
  1557 | D:3      | Killed Robin
  1759 | D:3      | Slain by a gnoll

Illustrated notes

Levels and vault maps discovered:
D:1:      lemuel_arrival_cross, layout_loops_ring, serial_shops,
          nicolae_shop_gibbet_a_chance
D:2:      layout_basic, basic_altar
D:3:      layout_rooms, uniq_grinder, uniq_robin

Skill      XL: |  1  2  3  4 |
---------------+-------------+-----
Ranged Weapons | 2 3 5 |  5.5
Spellcasting   | 2 |  2.0
Hexes          | 3 |  3.0
Fighting       | |  1.0
Dodging        | |  1.5
Fire Magic     | |  0.7

Action                     |  1- 3 |  4- 6 || total
---------------------------+-------+-------++-------
   Fire: Sling             |   119 |   104 ||   223
   Cast: Jinxbite          |     2 |     5 ||     7
         Sigil of Binding  |       |     1 ||     1
 Armour: Robe              |    19 |    16 ||    35
  Dodge: Dodged            |    41 |    31 ||    72

Table legend: (Time is in decaauts)
 A = Elapsed time spent in this place.
 B = Non-inter-level travel time spent in this place.
 C = Inter-level travel time spent in this place.
 D = Time resting spent in this place.
 E = Time spent auto-exploring this place.
 F = Levels seen in this place.
 G = Mean time per level.
                   A        B        C        D        E       F      G
               +--------+--------+--------+--------+--------+-----+--------+
         Total |   1805 |   1761 |     44 |      2 |   1305 |   3 |  601.7 |
       Dungeon |   1805 |   1761 |     44 |      2 |   1305 |   3 |  601.7 |
               +--------+--------+--------+--------+--------+-----+--------+

Top non-repeatable levels by time:
     D:1: 694 daAuts
     D:3: 604 daAuts
     D:2: 505 daAuts
